 Dungeon Crawl Stone Soup version 0.23.2-40-g277498a001 (webtiles) character file.

Game seed: 5645654994228217913

44 Chiseanne the Chucker (level 3, 0/18 HPs)
             Began as a Spriggan Hunter on Oct 17, 2019.
             Slain by Robin
             ... wielding a +11 club
              (18 damage)
             ... on level 2 of the Dungeon.
             The game lasted 00:03:22 (1637 turns).

Chiseanne the Chucker (Spriggan Hunter)             Turns: 1637, Time: 00:03:23

Health: 0/18       AC:  3    Str:  8    XL:     3   Next: 41%
Magic:  4/4        EV: 19    Int: 12    God:
Gold:   112        SH:  0    Dex: 17    Spells: 2/2 levels left

rFire    . . .     SeeInvis +   a - +0 short sword
rCold    . . .     Gourm    .   (shield restricted)
rNeg     . . .     Faith    .   b - +0 robe
rPois    .         Spirit   .   (helmet restricted)
rElec    .         Reflect  .   q - +0 cloak
rCorr    .         Harm     .   (gloves unavailable)
MR       .....                  (boots unavailable)
Stlth    ++........             (no amulet)
HPRegen  0.06/turn              (no ring)
MPRegen  0.09/turn              (no ring)

@: very quick
A: very small, unfitting armour, see invisible, herbivore, speed 3, slow
metabolism 2
a: no special abilities


You were on level 2 of the Dungeon.
You were not hungry.

You visited 1 branch of the dungeon, and saw 2 of its levels.

You collected 112 gold pieces.

Inventory:

Hand Weapons
 a - a +0 short sword (weapon)
 n - a +0 hunting sling
Missiles
 d - 2 throwing nets (quivered)
 g - 18 poisoned needles
 j - 87 stones
 m - 19 bolts
Armour
 b - a +0 robe (worn)
 q - a +0 cloak (worn)
Scrolls
 e - a scroll of remove curse {unknown}
 h - a scroll of identify {unknown}
 o - a scroll of blinking {unknown}
Potions
 i - a potion of agility {unknown}
 k - 2 potions of curing {unknown}
 l - a potion of degeneration {unknown}
 p - a potion of flight {unknown}
 r - 2 potions of mutation {unknown}
Comestibles
 f - 4 rations


   Skills:
 + Level 2.0 Fighting
 * Level 4.6 Throwing
 + Level 3.8 Dodging
 - Level 1.5 Stealth


You had 2 spell levels left.
You didn't know any spells.
Your spell library was empty.

Dungeon Overview and Level Annotations

Branches:
Dungeon (2/15)

Altars:

Annotations:
D:2 Robin


Innate Abilities, Weirdness & Mutations

You are very small and have problems with some larger weapons.
You are too small for most types of armour.
You have supernaturally acute eyesight. (SInv)
You are a herbivore.
You cover ground extremely quickly.
You need to consume almost no food.


Message History

Aim: Robin, wielding a +11 club, wearing a +0 animal skin and wearing a +0 helmet (heavily wounded)
You throw a tomahawk. The tomahawk hits Robin!
Robin is almost dead.
Robin drinks a potion.
Robin goes berserk!
Throwing (i - inventory. (/) - cycle)
c - a tomahawk (quivered)
Press: ? - help, Shift-Dir - straight line, f/p - Robin
Aim: Robin, wielding a +11 club, wearing a +0 animal skin and wearing a +0 helmet (almost dead, berserk, fast, unusually strong)
You throw a tomahawk. The tomahawk hits Robin.
Robin is almost dead.
Robin completely misses you.
You hear a shout!
Robin rages.
A goblin comes into view. It is wielding a +0 dagger.
The goblin shouts!
You hear a shout!
The goblin shouts!
You hear a shout!
Robin rages.
You closely miss the goblin. The goblin misses you.
Robin hits you with a +11 club!!
Ouch! That really hurt!
You die...

#.. #####gg #...#gg
.##.... #.#.#g# ......
#####g#g#.# ####.....
#.....#@#.# #..#.....
#.#####g#.# #..#..... #.#
###g#(### #..#.....
##.###...(...####..#.....
#....(.(...(.#.....#.....
######.......'....##.....
#.......#.###.#..###
#.......#.###+#..#
#....†..#.##.....#


You could see Robin (berserk) and 2 goblins.

Vanquished Creatures
  A gnoll (D:2)
  2 dart slugs (D:1)
  2 leopard geckos
  A giant cockroach (D:2)
  5 goblins
  5 hobgoblins
  4 kobolds
  A ball python (D:1)
  3 bats (D:1)
  A frilled lizard (D:1)
  A rat (D:1)
26 creatures vanquished.

Notes
Turn   | Place    | Note
-------+----------+-------------------------------------------
     0 | D:1      | Chiseanne the Spriggan Hunter began the quest for the Orb.
     0 | D:1      | Reached XP level 1. HP: 10/10 MP: 2/2
   241 | D:1      | Reached XP level 2. HP: 6/15 MP: 3/3
  1135 | D:2      | Reached XP level 3. HP: 18/18 MP: 4/4
  1468 | D:2      | Noticed Robin
  1637 | D:2      | Slain by Robin

Skill      XL: |  1  2 |
---------------+-------+-----
Fighting       | 2 |  2.0
Throwing       | |  4.6
Dodging        | |  3.8
Stealth        | |  1.5

Action                   || total
-------------------------++-------
Melee: Short sword       ||    57
Throw: Tomahawk          ||    61
Armor: Robe              ||    14
Dodge: Dodged            ||    78
